APP
SAN FRANCISCO (APP) GIANTS @ PHILADELPHIA (APP) PHILLIES
08/09/2048
 
TOP OF THE 1ST
San Francisco (APP) Giants batting - Pitching for Philadelphia (APP) Phillies : RHP Tony Machado
Pitching: RHP Tony Machado
Batting: LHB Eddie Lemus 0-0: Ball
1-0: Foul Ball, location: 2F
1-1: Ball
2-1: Ball
3-1: Foul Ball, location: 2F
3-2: Base on Balls
Batting: RHB Noe Oliva 0-0: Swinging Strike
0-1: Called Strike
0-2: SINGLE (Line Drive, 7S, EV 101.9 MPH)
Eddie Lemus to second
Batting: RHB Ricky Aguilar 0-0: Called Strike
Eddie Lemus steals 3rd base
Noe Oliva to second
0-1: Ball
1-1: 3-RUN HOME RUN (Flyball, 7LD, EV 98.8 MPH), Distance : 354 ft
Batting: LHB Kuan Hsia 0-0: Ball
1-0: Ball
2-0: Called Strike
2-1: Called Strike
2-2: Ball
3-2: Foul Ball, location: 2F
3-2: Strikes out swinging
Batting: RHB Azeem bin Zuhair 0-0: Ball
1-0: Ball
2-0: Ball
3-0: Base on Balls
Batting: RHB Chris Kulik 0-0: Ball
Azeem bin Zuhair steals 2nd base
1-0: Ground out 6-3 (Groundball, 6, EV 85.0 MPH)
Azeem bin Zuhair to third
Batting: RHB Jonathan Hemsley 0-0: Ball
1-0: Ball
Wild Pitch!
Azeem bin Zuhair scores
2-0: Called Strike
2-1: Ball
3-1: Base on Balls
Batting: SHB Cedric Sweep 0-0: Called Strike
0-1: Foul Ball, location: 2F
0-2: SINGLE (Flyball, 9LM, EV 75.6 MPH)
Jonathan Hemsley to second
Runner from 2nd tries for 3rd, SAFE, throw by RF made to third
Batting: RHB Rúbem Trancoso 0-0: Ball
Cedric Sweep is caught stealing 2nd base 2-4
Top of the 1st over - 4 runs, 3 hits, 0 errors, 1 left on base; San Francisco (APP) 4 - Philadelphia (APP) 0
BOTTOM OF THE 1ST
Philadelphia (APP) Phillies batting - Pitching for San Francisco (APP) Giants : LHP Justin Tidwell
Pitching: LHP Justin Tidwell
Batting: LHB Jonathan Roman 0-0: Called Strike
0-1: Ball
1-1: Ball
2-1: TRIPLE (Line Drive, 89XD, EV 96.9 MPH)
Batting: RHB Juan Valadez 0-0: Ball
1-0: Ball
2-0: Ground out 6-3 (Groundball, 56D, EV 84.4 MPH)
Jonathan Roman scores
Batting: LHB Rich Kuehne 0-0: Ball
1-0: Foul Ball, location: 2F
1-1: SINGLE (Flyball, 5D, EV 88.8 MPH)
Batting: SHB Brett St. Clair 0-0: Called Strike
0-1: Ball
1-1: Ball
2-1: Foul Ball, location: 2F
2-2: Ball
3-2: Base on Balls
Rich Kuehne to second
Batting: RHB Joel Gomez 0-0: Called Strike
0-1: Foul Ball, location: 2F
0-2: Ball
1-2: Ball
2-2: Foul Ball, location: 2F
2-2: Foul Ball, location: 2F
2-2: Foul Ball, location: 2F
2-2: Foul Ball, location: 2F
2-2: Foul Ball, location: 2F
2-2: Foul Ball, location: 2F
2-2: Fielders Choice at 2nd, 4-6 (Groundball, 4, EV 102.5 MPH)
Rich Kuehne to third
Batting: RHB Simon Mergeni 0-0: Ball
1-0: Swinging Strike
1-1: Ball
2-1: Ball
3-1: Base on Balls
Joel Gomez to second
Batting: RHB Zach Slot 0-0: Foul Ball, location: 2F
0-1: Called Strike
0-2: Foul Ball, location: 2F
0-2: SINGLE (Groundball, 56D, EV 105.6 MPH)
Rich Kuehne scores
Joel Gomez to third
Simon Mergeni to second
Batting: RHB Dave Gallegos 0-0: Ball
1-0: Ball
2-0: Ball
3-0: Called Strike
3-1: Base on Balls
Joel Gomez scores
Simon Mergeni to third
Zach Slot to second
Batting: RHB Allen Deschamps 0-0: Called Strike
0-1: Ball
1-1: Foul Ball, location: 2F
1-2: Strikes out swinging
Bottom of the 1st over - 3 runs, 3 hits, 0 errors, 3 left on base; San Francisco (APP) 4 - Philadelphia (APP) 3
TOP OF THE 2ND
San Francisco (APP) Giants batting - Pitching for Philadelphia (APP) Phillies : RHP Tony Machado
Batting: RHB Rúbem Trancoso 0-0: Ball
1-0: Called Strike
1-1: Swinging Strike
1-2: Ball
2-2: Ball
3-2: Strikes out swinging
Batting: LHB Eddie Lemus 0-0: Ball
1-0: Ball
2-0: Ball
3-0: Called Strike
3-1: Fly out, F7 (Flyball, 7, EV 89.4 MPH)
Batting: RHB Noe Oliva 0-0: Ball
1-0: Ball
2-0: Foul Ball, location: 2F
2-1: Fly out, F7 (Flyball, 7, EV 79.4 MPH)
Top of the 2nd over - 0 runs, 0 hits, 0 errors, 0 left on base; San Francisco (APP) 4 - Philadelphia (APP) 3
BOTTOM OF THE 2ND
Philadelphia (APP) Phillies batting - Pitching for San Francisco (APP) Giants : LHP Justin Tidwell
Batting: LHB Jonathan Roman 0-0: Ball
1-0: Swinging Strike
1-1: Called Strike
1-2: Foul Ball, location: 2F
1-2: Ball
2-2: Ball
3-2: Base on Balls
Batting: RHB Juan Valadez 0-0: Foul Ball, location: 2F
0-1: Ball
1-1: Ball
Jonathan Roman is caught stealing 2nd base 2-4
2-1: Ground out 4-3 (Groundball, 4D, EV 85.0 MPH)
Batting: LHB Rich Kuehne 0-0: Ball
1-0: Ball
2-0: Called Strike
2-1: Called Strike
2-2: Ball
3-2: Base on Balls
Batting: SHB Brett St. Clair 0-0: Ball
1-0: DOUBLE (Line Drive, 7LM, EV 103.8 MPH)
Rich Kuehne to third
Runner from 3rd tries for Home, SAFE, throw by LF to home
Batting: RHB Joel Gomez 0-0: Ball
1-0: Called Strike
1-1: Foul Ball, location: 2F
1-2: Foul Ball, location: 2F
1-2: SINGLE (Groundball, 56D, EV 93.8 MPH)
Brett St. Clair to third
Runner from 3rd tries for Home, SAFE, throw by LF to home
Batting: RHB Simon Mergeni 0-0: Called Strike
0-1: Ball
1-1: Swinging Strike
1-2: Strikes out swinging
Bottom of the 2nd over - 2 runs, 2 hits, 0 errors, 1 left on base; San Francisco (APP) 4 - Philadelphia (APP) 5
TOP OF THE 3RD
San Francisco (APP) Giants batting - Pitching for Philadelphia (APP) Phillies : RHP Tony Machado
Pitching: RHP Hugo Rodriguez
Batting: RHB Ricky Aguilar 0-0: Ball
1-0: Called Strike
1-1: Ball
2-1: DOUBLE (Flyball, 7LM, EV 97.5 MPH)
Batting: LHB Kuan Hsia 0-0: Called Strike
0-1: Ball
Passed Ball!
Ricky Aguilar to third
1-1: 2-RUN HOME RUN (Flyball, 9LD, EV 95.0 MPH), Distance : 337 ft
Batting: RHB Azeem bin Zuhair 0-0: Ball
1-0: SOLO HOME RUN (Flyball, 7LD, EV 91.9 MPH), Distance : 344 ft
Pitching: RHP Tim Starks
Batting: RHB Chris Kulik 0-0: Ball
1-0: Ball
2-0: Fly out, F8 (Flyball, 89S, EV 96.2 MPH)
Batting: RHB Jonathan Hemsley 0-0: Ball
1-0: Ball
2-0: Ball
3-0: Base on Balls
Batting: SHB Cedric Sweep 0-0: Ball
1-0: SINGLE (Line Drive, 34D, EV 97.5 MPH)
Jonathan Hemsley to second
Runner from 2nd tries for 3rd, SAFE, throw by RF made to third
Batting: RHB Rúbem Trancoso 0-0: Called Strike
0-1: Ball
1-1: Swinging Strike
1-2: Strikes out swinging
Batting: LHB Eddie Lemus 0-0: Called Strike
0-1: Ball
1-1: Swinging Strike
1-2: Ball
2-2: Ground out 4-3 (Groundball, 34, EV 78.8 MPH)
Top of the 3rd over - 3 runs, 4 hits, 0 errors, 2 left on base; San Francisco (APP) 7 - Philadelphia (APP) 5
BOTTOM OF THE 3RD
Philadelphia (APP) Phillies batting - Pitching for San Francisco (APP) Giants : LHP Justin Tidwell
Batting: RHB Zach Slot 0-0: Fly out, F8 (Line Drive, 8RD, EV 99.4 MPH)
Batting: RHB Dave Gallegos 0-0: Foul Ball, location: 2F
0-1: Ground out 6-3 (Groundball, 6, EV 90.0 MPH)
Batting: RHB Allen Deschamps 0-0: Called Strike
0-1: SINGLE (Flyball, 5D, EV 83.1 MPH)
Pitching: RHP Sam Green
Batting: LHB Jonathan Roman 0-0: Ball
1-0: Foul Ball, location: 2F
1-1: Foul Ball, location: 2F
1-2: 2-RUN HOME RUN (Flyball, 78XD, EV 103.1 MPH), Distance : 404 ft
Batting: RHB Juan Valadez 0-0: Ground out 4-3 (Groundball, 4MD, EV 84.4 MPH)
Bottom of the 3rd over - 2 runs, 2 hits, 0 errors, 0 left on base; San Francisco (APP) 7 - Philadelphia (APP) 7
TOP OF THE 4TH
San Francisco (APP) Giants batting - Pitching for Philadelphia (APP) Phillies : RHP Tim Starks
Batting: RHB Noe Oliva 0-0: Ball
1-0: Called Strike
1-1: Foul Ball, location: 2F
1-2: Ball
2-2: Foul Ball, location: 2F
2-2: Ball
3-2: Strikes out looking
Batting: RHB Ricky Aguilar 0-0: Ball
1-0: Foul Ball, location: 2F
1-1: Ground out 6-3 (Groundball, 6, EV 101.9 MPH)
Batting: LHB Kuan Hsia 0-0: Called Strike
0-1: Fly out, F9 (Flyball, 89D, EV 103.8 MPH)
Top of the 4th over - 0 runs, 0 hits, 0 errors, 0 left on base; San Francisco (APP) 7 - Philadelphia (APP) 7
BOTTOM OF THE 4TH
Philadelphia (APP) Phillies batting - Pitching for San Francisco (APP) Giants : RHP Sam Green
Batting: LHB Rich Kuehne 0-0: Ball
1-0: Foul Ball, location: 2F
1-1: Ball
2-1: Foul Ball, location: 2F
2-2: Foul Ball, location: 2F
2-2: Foul Ball, location: 2F
2-2: Foul Ball, location: 2F
2-2: Ball
3-2: Base on Balls
Batting: SHB Brett St. Clair 0-0: Called Strike
0-1: Ball
Rich Kuehne steals 2nd base
1-1: Foul Ball, location: 2F
1-2: Ball
2-2: Foul Ball, location: 2F
2-2: Fly out, F9 (Flyball, 89S, EV 92.5 MPH)
Batting: RHB Joel Gomez 0-0: Called Strike
0-1: Ball
1-1: Foul Ball, location: 2F
1-2: Ball
2-2: Ball
3-2: Foul Ball, location: 2F
3-2: Foul Ball, location: 2F
3-2: 2-RUN HOME RUN (Flyball, 7D, EV 103.8 MPH), Distance : 390 ft
Batting: RHB Simon Mergeni 0-0: Ball
1-0: Ball
2-0: Called Strike
2-1: Called Strike
2-2: Ground out 4-3 (Groundball, 4, EV 101.2 MPH)
Batting: RHB Zach Slot 0-0: Ball
1-0: Ball
2-0: SOLO HOME RUN (Flyball, 7D, EV 99.4 MPH), Distance : 374 ft
Batting: RHB Dave Gallegos 0-0: Ball
1-0: Ball
2-0: Called Strike
2-1: SINGLE (Groundball, 6MD, EV 95.0 MPH)
Batting: RHB Allen Deschamps 0-0: Ball
1-0: Called Strike
1-1: Swinging Strike
1-2: Ball
2-2: Strikes out looking
Bottom of the 4th over - 3 runs, 3 hits, 0 errors, 1 left on base; San Francisco (APP) 7 - Philadelphia (APP) 10
TOP OF THE 5TH
San Francisco (APP) Giants batting - Pitching for Philadelphia (APP) Phillies : RHP Tim Starks
Batting: RHB Azeem bin Zuhair 0-0: Ball
1-0: Foul Ball, location: 2F
1-1: Ball
2-1: Foul Ball, location: 2F
2-2: Strikes out swinging
Pitching: RHP Franck Basset
Batting: RHB Chris Kulik 0-0: SINGLE (Groundball, 5D, EV 105.6 MPH)
Batting: RHB Jonathan Hemsley 0-0: Foul Ball, location: 2F
0-1: Foul Ball, location: 2F
0-2: Strikes out swinging
Batting: SHB Cedric Sweep 0-0: Foul Ball, location: 2F
0-1: Swinging Strike
0-2: Ball
1-2: Ball
2-2: Ball
3-2: Strikes out swinging
Top of the 5th over - 0 runs, 1 hit, 0 errors, 1 left on base; San Francisco (APP) 7 - Philadelphia (APP) 10
BOTTOM OF THE 5TH
Philadelphia (APP) Phillies batting - Pitching for San Francisco (APP) Giants : RHP Sam Green
Batting: LHB Jonathan Roman 0-0: Ball
1-0: Swinging Strike
1-1: Ball
2-1: Ball
3-1: Base on Balls
Batting: RHB Juan Valadez 0-0: Called Strike
Jonathan Roman steals 2nd base (no throw)
0-1: Called Strike
0-2: Ball
1-2: Ball
2-2: Foul Ball, location: 2F
2-2: Ball
3-2: Foul Ball, location: 2F
3-2: Foul Ball, location: 2F
3-2: Foul Ball, location: 2F
3-2: Base on Balls
Batting: LHB Rich Kuehne 0-0: Ball
1-0: Ball
2-0: Foul Ball, location: 2F
2-1: Ball
Wild Pitch!
Jonathan Roman to third
Juan Valadez to second
3-1: Base on Balls
Pitching: LHP Ken Cromsie
Batting: SHB Brett St. Clair 0-0: Ball
1-0: Ball
2-0: Ball
3-0: Called Strike
3-1: DOUBLE (Groundball, 5L, EV 103.1 MPH)
Jonathan Roman scores
Juan Valadez scores
Rich Kuehne to third
Batting: RHB Joel Gomez 0-0: Ball
1-0: Ground out 5-3 (Groundball, 56S, EV 80.0 MPH)
Rich Kuehne scores
Batting: RHB Simon Mergeni 0-0: Called Strike
0-1: Foul Ball, location: 2F
0-2: Ball
1-2: Ground out 4-3 (Groundball, 34, EV 83.1 MPH)
Brett St. Clair to third
Batting: RHB Zach Slot 0-0: Called Strike
0-1: Foul Ball, location: 2F
0-2: Foul Ball, location: 2F
0-2: Ball
1-2: Ball
2-2: Foul Ball, location: 2F
2-2: Ball
3-2: Base on Balls
Batting: RHB Dave Gallegos 0-0: SINGLE (Groundball, 34D, EV 100.6 MPH)
Brett St. Clair scores
Zach Slot to second
Runner from 2nd tries for 3rd, OUT! 9-5
Bottom of the 5th over - 4 runs, 2 hits, 0 errors, 1 left on base; San Francisco (APP) 7 - Philadelphia (APP) 14
TOP OF THE 6TH
San Francisco (APP) Giants batting - Pitching for Philadelphia (APP) Phillies : RHP Franck Basset
Batting: RHB Rúbem Trancoso 0-0: Ball
1-0: Called Strike
1-1: Ball
2-1: Swinging Strike
2-2: Strikes out swinging
Batting: LHB Eddie Lemus 0-0: Fly out, F7 (Flyball, 7LM, EV 101.2 MPH)
Pitching: RHP Bobby Acevedo
Batting: RHB Noe Oliva 0-0: Swinging Strike
0-1: Ball
1-1: Ball
2-1: Ball
3-1: Foul Ball, location: 2F
3-2: Foul Ball, location: 2F
3-2: Foul Ball, location: 2F
3-2: TRIPLE (Flyball, 78XD, EV 102.5 MPH)
Batting: RHB Ricky Aguilar 0-0: Ball
1-0: Ball
2-0: Fly out, F7 (Flyball, 7, EV 80.0 MPH)
Top of the 6th over - 0 runs, 1 hit, 0 errors, 1 left on base; San Francisco (APP) 7 - Philadelphia (APP) 14
BOTTOM OF THE 6TH
Philadelphia (APP) Phillies batting - Pitching for San Francisco (APP) Giants : LHP Ken Cromsie
Batting: RHB Allen Deschamps 0-0: Ball
1-0: Fly out, F8 (Flyball, 8RD, EV 101.2 MPH)
Batting: LHB Jonathan Roman 0-0: Ball
1-0: SINGLE (Line Drive, 56D, EV 96.2 MPH)
Batting: RHB Juan Valadez 0-0: Ball
1-0: Ball
2-0: Called Strike
Pickoff Throw by Catcher to First - Error! E2
Jonathan Roman to second
2-1: Ground out 5-3 (Groundball, 56S, EV 85.0 MPH)
Batting: LHB Rich Kuehne 0-0: Called Strike
0-1: Ball
1-1: Swinging Strike
1-2: Strikes out swinging
Bottom of the 6th over - 0 runs, 1 hit, 1 error, 1 left on base; San Francisco (APP) 7 - Philadelphia (APP) 14
TOP OF THE 7TH
San Francisco (APP) Giants batting - Pitching for Philadelphia (APP) Phillies : RHP Bobby Acevedo
Batting: LHB Kuan Hsia 0-0: Ground out 1-3 (Groundball, 13, EV 67.5 MPH)
Batting: RHB Azeem bin Zuhair 0-0: Ball
1-0: Foul Ball, location: 2F
1-1: SINGLE (Groundball, 4, EV 96.9 MPH)
Batting: RHB Chris Kulik 0-0: Swinging Strike
0-1: Called Strike
Azeem bin Zuhair steals 2nd base (no throw)
0-2: Ball
1-2: Strikes out looking
Batting: RHB Jonathan Hemsley 0-0: Swinging Strike
0-1: Foul Ball, location: 2F
0-2: Ball
1-2: Ball
2-2: SINGLE (Groundball, 56, EV 104.4 MPH)
Azeem bin Zuhair to third
Runner from 3rd tries for Home, throw by LF and OUT! 7-2
Top of the 7th over - 0 runs, 2 hits, 0 errors, 1 left on base; San Francisco (APP) 7 - Philadelphia (APP) 14
BOTTOM OF THE 7TH
Philadelphia (APP) Phillies batting - Pitching for San Francisco (APP) Giants : LHP Ken Cromsie
Batting: SHB Brett St. Clair 0-0: Ball
1-0: Fly out, F3 (Popup, 34, EV 66.9 MPH)
Pinch Hitting: LHB Jesse Haught 0-0: SOLO HOME RUN (Flyball, 9LD, EV 93.1 MPH), Distance : 348 ft
Batting: RHB Simon Mergeni 0-0: Called Strike
0-1: Called Strike
0-2: Foul Ball, location: 2F
0-2: Fly out, F9 (Flyball, 9D, EV 88.1 MPH)
Batting: RHB Zach Slot 0-0: Ball
1-0: Ball
2-0: Ball
3-0: Called Strike
3-1: Base on Balls
Pinch Hitting: LHB Travis Hahn 0-0: Swinging Strike
0-1: Ball
1-1: Foul Ball, location: 2F
1-2: Strikes out looking
Bottom of the 7th over - 1 run, 1 hit, 0 errors, 1 left on base; San Francisco (APP) 7 - Philadelphia (APP) 15
TOP OF THE 8TH
San Francisco (APP) Giants batting - Pitching for Philadelphia (APP) Phillies : RHP Bobby Acevedo
Now at 1B: Alexis Graciani
Now at 2B: Travis Hahn
Batting: SHB Cedric Sweep 0-0: Ball
1-0: Ball
2-0: Ball
3-0: Base on Balls
Batting: RHB Rúbem Trancoso 0-0: Swinging Strike
0-1: Ball
1-1: Ball
2-1: Ball
3-1: Base on Balls
Cedric Sweep to second
Pitching: LHP Ray Paul
Batting: LHB Eddie Lemus 0-0: Called Strike
0-1: Swinging Strike
0-2: Strikes out looking
Batting: RHB Noe Oliva 0-0: Foul Ball, location: 2F
0-1: Called Strike
0-2: Ball
1-2: Foul Ball, location: 2F
1-2: Ball
2-2: Strikes out swinging
Batting: RHB Ricky Aguilar 0-0: Called Strike
0-1: Called Strike
0-2: Ball
1-2: Ball
2-2: Ball
3-2: DOUBLE (Line Drive, 78D, EV 106.9 MPH)
Cedric Sweep scores
Rúbem Trancoso to third
Rúbem Trancoso scores
Batting: LHB Kuan Hsia 0-0: Foul Ball, location: 2F
0-1: 2-RUN HOME RUN (Flyball, 7D, EV 94.4 MPH), Distance : 367 ft
Batting: RHB Azeem bin Zuhair 0-0: Ball
1-0: Foul Ball, location: 2F
1-1: Ball
2-1: Ball
3-1: Base on Balls
Batting: RHB Chris Kulik 0-0: Called Strike
0-1: Foul Ball, location: 2F
0-2: Fly out, F9 (Line Drive, 9LS, EV 97.5 MPH)
Top of the 8th over - 4 runs, 2 hits, 0 errors, 1 left on base; San Francisco (APP) 11 - Philadelphia (APP) 15
BOTTOM OF THE 8TH
Philadelphia (APP) Phillies batting - Pitching for San Francisco (APP) Giants : LHP Ken Cromsie
Batting: RHB Allen Deschamps 0-0: Ball
1-0: Ball
2-0: Swinging Strike
2-1: Foul Ball, location: 2F
2-2: Foul Ball, location: 2F
2-2: Foul Ball, location: 2F
2-2: Foul Ball, location: 2F
2-2: Ground out 6-3 (Groundball, 56D, EV 110.6 MPH)
Batting: LHB Jonathan Roman 0-0: Called Strike
0-1: Ball
1-1: Swinging Strike
1-2: Foul Ball, location: 2F
1-2: Ball
2-2: Fly out, F9 (Flyball, 9S, EV 86.9 MPH)
Pitching: RHP Newt Reid
Batting: RHB Juan Valadez 0-0: Foul Ball, location: 2F
0-1: Ball
1-1: Swinging Strike
1-2: Foul Ball, location: 2F
1-2: Ball
2-2: Ball
3-2: Base on Balls
Batting: LHB Rich Kuehne 0-0: Ball
1-0: Ball
2-0: Ball
3-0: Base on Balls
Juan Valadez to second
Batting: SHB Brett St. Clair 0-0: SINGLE (Groundball, 4MS, EV 67.5 MPH) (infield hit)
Juan Valadez to third
Rich Kuehne to second
Pinch Runner at 1st Victor Estrada:
Batting: RHB Alexis Graciani 0-0: Ground out 5-3 (Groundball, 56S, EV 71.9 MPH)
Bottom of the 8th over - 0 runs, 1 hit, 0 errors, 3 left on base; San Francisco (APP) 11 - Philadelphia (APP) 15
TOP OF THE 9TH
San Francisco (APP) Giants batting - Pitching for Philadelphia (APP) Phillies : LHP Ray Paul
Pitching: RHP Dave Gomez
Now in RF: Victor Estrada
Batting: RHB Jonathan Hemsley 0-0: Called Strike
0-1: DOUBLE (Line Drive, 7LM, EV 88.1 MPH)
Batting: SHB Cedric Sweep 0-0: Called Strike
0-1: Fly out, F9 (Line Drive, 9D, EV 100.6 MPH)
Runner from 2nd tags up, SAFE at 3rd, no throw by RF
Batting: RHB Rúbem Trancoso 0-0: Swinging Strike
0-1: Swinging Strike
0-2: Strikes out swinging
Batting: LHB Eddie Lemus 0-0: Swinging Strike
0-1: Fly out, F7 (Flyball, 7, EV 90.0 MPH)
Top of the 9th over - 0 runs, 1 hit, 0 errors, 1 left on base; San Francisco (APP) 11 - Philadelphia (APP) 15
Tuesday, March 28th , 2023 - OOTP Baseball 23.10 Build 110